 Dungeon Crawl Stone Soup version 0.23.0-3-gf3c87f2 (webtiles) character file.

Game seed: 2074340366950639535

75 coolio the Covered (level 4, 0/35 HPs)
             Began as a Demonspawn Fighter on Feb 23, 2019.
             Killed by nerve-wracking pain
             ... invoked by Grinder
              (9 damage)
             ... on level 3 of the Dungeon.
             The game lasted 00:02:06 (1355 turns).

coolio the Covered (Demonspawn Fighter)             Turns: 1355, Time: 00:02:07

Health: 0/35       AC:  8    Str: 14 (17) XL:     4   Next: 11%
Magic:  4/4        EV: 14    Int:  8 (9)  God:
Gold:   54         SH:  0    Dex: 17 (18) Spells: 3/3 levels left

rFire    + + .     SeeInvis .   a - +0 war axe
rCold    + . .     Gourm    .   (no shield)
rNeg     . . .     Faith    .   b - +0 scale mail
rPois    +         Spirit   .   (helmet restricted)
rElec    +         Reflect  .   (no cloak)
rCorr    +         Harm     .   (no gloves)
MR       .....                  (no boots)
Stlth    +.........             (no amulet)
HPRegen  0.11/turn              h - ring of protection from fire
MPRegen  0.09/turn              (no ring)

@: agile, resistant, very slightly contaminated, invisible
A: horns 1, molten scales 1, demonic guardian 1
a: no special abilities


You were on level 3 of the Dungeon.
You were hungry.

You visited 1 branch of the dungeon, and saw 3 of its levels.

You collected 54 gold pieces.

Inventory:

Hand Weapons
 a - a +0 war axe (weapon)
Armour
 b - a +0 scale mail (worn)
Jewellery
 h - a ring of protection from fire (left hand)
Wands
 g - a wand of polymorph (10)
Scrolls
 c - a scroll of enchant weapon {unknown}
 e - 3 scrolls of identify {unknown}
 j - 3 scrolls of remove curse {unknown}
 k - 3 scrolls of fear {unknown}
 o - 2 scrolls of teleportation {unknown}
Potions
 p - a potion of curing
Comestibles
 f - 6 rations


   Skills:
 + Level 3.4 Fighting
 * Level 2.8 Axes
 * Level 3.5 Armour
   Level 2.6 Shields


You had 3 spell levels left.
You didn't know any spells.
Your spell library contained the following spells:

 Spells                   Type           Power        Failure   Level  Hunger
 Animate Skeleton         Necr           N/A          87%         1    ##.....
 Apportation              Tloc           #.....       87%         1    ##.....
 Confusing Touch          Hex            #.....       87%         1    ##.....
 Summon Small Mammal      Summ           #...         87%         1    ##.....


Dungeon Overview and Level Annotations

Branches:
Dungeon (3/15)

Altars:
Nemelex Xobeh
Uskayaw

Annotations:
D:3 Grinder


Innate Abilities, Weirdness & Mutations

You have a pair of small horns on your head.
You are partially covered in molten scales. (AC +2)
A weak demonic guardian rushes to your aid.


Message History

It was a potion of resistance.
You feel protected. Grinder gestures at you.
You resist with significant effort.
You hit Grinder but do no damage. You headbutt Grinder, but do no damage.
Grinder is moderately wounded.
Your white imp barely misses Grinder.
Grinder hits you but does no damage.
Your white imp barely misses Grinder.
You slash Grinder!
Grinder is heavily wounded.
Grinder hits you.
You writhe in agony.
Your white imp barely misses Grinder.
You hit Grinder. You headbutt Grinder, but do no damage.
Grinder is heavily wounded.
Grinder gestures at you. Pain shoots through your body!
* * * LOW HITPOINT WARNING * * *
Your white imp barely misses Grinder.
Grinder gestures at you. Pain shoots through your body!
You die...

####[## #..##
#...## ##...#
#.#.#####
#.#.....#
###.#####.######
#.....=..........
#.......@5##.....
#....†..5........
#.......5.###....
#.........# ##
#........(#
#.....$...#
###########


You could see Grinder, a friendly white imp and a friendly shadow imp.

Vanquished Creatures
  Robin (D:2)
  An adder (D:3)
  An ooze (D:3)
  A leopard gecko (D:2)
  3 bats
  4 giant cockroaches (D:1)
  13 goblins
  7 hobgoblins
  4 kobolds
  A quokka (D:2)
  2 frilled lizards (D:1)
  A giant cockroach zombie (D:1)
  A quokka zombie (D:1)
  7 rats
47 creatures vanquished.

Vanquished Creatures (collateral kills)
  A leopard gecko (D:3)
  A goblin (D:2)
2 creatures vanquished.

Grand Total: 49 creatures vanquished

Notes
Turn   | Place    | Note
-------+----------+-------------------------------------------
     0 | D:1      | coolio the Demonspawn Fighter began the quest for the Orb.
     0 | D:1      | Reached XP level 1. HP: 18/18 MP: 1/1
    83 | D:1      | Gained mutation: A weak demonic guardian rushes to your
                  | aid. [demonic ancestry]
    83 | D:1      | Reached XP level 2. HP: 20/24 MP: 2/2
   793 | D:2      | Gained mutation: You are partially covered in molten
                  | scales. (AC +2) [demonic ancestry]
   793 | D:2      | Reached XP level 3. HP: 29/29 MP: 3/3
   798 | D:2      | Found a hide-covered altar of Uskayaw.
   973 | D:2      | Noticed Robin
   981 | D:2      | Killed Robin
  1210 | D:3      | Found a sparkling altar of Nemelex Xobeh.
  1302 | D:3      | Gained mutation: You have a pair of small horns on your
                  | head. [demonic ancestry]
  1302 | D:3      | Reached XP level 4. HP: 35/35 MP: 4/4
  1335 | D:3      | Noticed Grinder
  1355 | D:3      | Killed from afar by Grinder

Skill      XL: |  1  2 |
---------------+-------+-----
Axes           | 2 |  2.8
Armour         | 3 |  3.5
Fighting       | |  3.4
Shields        | |  2.6

Action                   |  1- 3 |  4- 6 || total
-------------------------+-------+-------++-------
Melee: War axe           |   105 |    15 ||   120
       Headbutt          |       |     4 ||     4
  Use: Potion            |     1 |     5 ||     6
 Stab: Distracted        |     1 |       ||     1
  Eat: Chunk             |     1 |       ||     1
Armor: Scale mail        |    63 |     7 ||    70
Dodge: Dodged            |    60 |     6 ||    66
